 Dungeon Crawl Stone Soup version 0.31.0-12-g77e489cdc1 (webtiles) character file.

Game seed: 8673166458607927252

379 Gadfly the Trooper (level 6, 0/66 HPs)
             Began as an Oni Berserker on Feb 21, 2024.
             Was a Priest of Trog.
             Slain by an orc
             ... wielding a +0 hand axe
              (3 damage)
             ... on level 5 of the Dungeon.
             The game lasted 00:08:31 (2986 turns).

Gadfly the Trooper (Oni Berserker)                  Turns: 2986, Time: 00:08:32

Health: 0/66       AC:  3    Str: 22    XL:     6   Next: 74%
Magic:  6/6        EV: 10    Int:  8    God:    Trog [***...]
Gold:   177        SH:  0    Dex: 10    Spells: 5/5 levels left

rFire   . . .        a - +1 mace (drain)
rCold   . . .        (no shield)
rNeg    . . .        b - +0 animal skin
rPois   .            (helmet restricted)
rElec   .            (no cloak)
rCorr   .            (gloves unavailable)
SInv    .            (boots unavailable)
Will    ++...        (no amulet)
Stlth   +            (no ring)
HPRegen 1.31/turn    (no ring)
MPRegen 0.10/turn

%: no passive effects
@: strong-willed, regenerating
A: large, unfitting armour, horns 2, tough skin 1, double potion healing,
drunken brawling, mutation resistance 1
a: Renounce Religion, Berserk, Trog's Hand


You were on level 5 of the Dungeon.
You worshipped Trog.
Trog was most pleased with you.
You visited 2 branches of the dungeon, and saw 6 of its levels.

You collected 177 gold pieces.

Inventory:

Hand Weapons
 a - a +1 mace of draining (weapon)
 i - a +0 dagger of venom
Armour
 b - a +0 animal skin (worn)
Jewellery
 d - a ring of positive energy
 k - a ring of willpower
Wands
 o - a wand of digging (6)
Scrolls
 f - a scroll of enchant armour {unknown}
 l - a scroll of butterflies {unknown}
Potions
 c - a potion of heal wounds
 e - a potion of mutation
 g - a potion of might
 h - a potion of invisibility {unknown}
 j - a potion of curing {unknown}
 n - a potion of lignification {unknown}


   Skills:
 + Level 5.2 Fighting
 * Level 4.7 Maces & Flails
 * Level 2.8 Armour
 - Level 2.6 Dodging
 * Level 2.7 Evocations


You had 5 spell levels left.
You didn't know any spells.
Your spell library was empty.

Dungeon Overview and Level Annotations

Branches:
Dungeon (5/15)             Temple (1/1) D:4

Altars:
Ashenzari
Cheibriados
Dithmenos
Elyvilon
Fedhas
Gozag
Kikubaaqudgha
Makhleb
Nemelex Xobeh
Okawaru
Qazlal
Ru
Sif Muna
Wu Jian
Xom
Yredelemnul
Zin

Shops:
D:3 [


Innate Abilities, Weirdness & Mutations

You are too large for most types of armour.
You have a pair of horns on your head.
You have tough skin. (AC +1)
You gain doubled healing and magic from potions.
Whenever you drink a healing potion, you attack all around you.
You are somewhat resistant to further mutation.


Message History

You are too injured to fight recklessly!
You are too injured to fight recklessly!
You are too injured to fight recklessly!
You are too injured to fight recklessly!
Unknown command.
You hit the orc priest but do no damage.
You drain the orc priest.
The orc priest is moderately wounded.
The orc hits you with a +0 war axe! The orc barely misses you.
The orc priest looks braver for a moment.
You hit the orc priest but do no damage.
You drain the orc priest.
The orc priest is heavily wounded.
The orc hits you with a +0 war axe!
* * * LOW HITPOINT WARNING * * *
The orc priest looks braver for a moment.
The orc hits you with a +0 hand axe.
* * * LOW HITPOINT WARNING * * *
You hit the orc priest.
The orc priest is almost dead.
The orc closely misses you.
The orc priest mumbles some strange prayers to Beogh against you.
Pain shoots through your body!
* * * LOW HITPOINT WARNING * * *
The orc hits you with a +0 hand axe.
* * * LOW HITPOINT WARNING * * *
You hit the orc priest but do no damage.
You drain the orc priest.
You kill the orc priest!
Trog accepts your kill. The orc hits you with a +0 war axe.
* * * LOW HITPOINT WARNING * * *
The orc hits you with a +0 hand axe.
* * * LOW HITPOINT WARNING * * *
Okay, then.
Okay, then.
Your skin crawls.
You feel strong-willed. The orc hits you with a +0 hand axe.
You die...

.....# #.... ##..## #..#
## #..########..# ...
##...........######...
#...........##.......
#......###.........#
#...##'# ##......##
#...#≈≈≈###....#.###.##
#....+≈≈≈+.....@o#.....#
......#≈≈≈##....o....#
......##+####.....)......
....... #.............
...... #.............
...............
................
................
........####...


You could see 2 orcs.

Vanquished Creatures
  A bombardier beetle (D:4)
  2 hounds (D:4)
  A sleepcap (D:4)
  An orc priest (D:5)
  An orc wizard (D:5)
  6 gnolls
  5 adders
  2 dart slugs
  2 ribbon worms (D:2)
  5 orcs
  8 bats
  13 endoplasms
  4 goblins
  6 hobgoblins
  12 jackals
  7 kobolds
  3 quokkas
  9 ball pythons
  3 frilled lizards
  5 rats
96 creatures vanquished.

Notes
Turn   | Place    | Note
-------+----------+-------------------------------------------
     0 | D:1      | Gadfly the Oni Berserker began the quest for the Orb.
     0 | D:1      | Reached XP level 1. HP: 24/24 MP: 1/1
    94 | D:1      | Reached XP level 2. HP: 22/32 MP: 2/2
   685 | D:1      | Gained mutation: You have a pair of horns on your head.
                  | [potion of mutation]
   685 | D:1      | Gained mutation: You are somewhat resistant to further
                  | mutation. [potion of mutation]
   838 | D:2      | Reached skill level 1 in Evocations
   838 | D:2      | Reached XP level 3. HP: 39/39 MP: 3/3
   878 | D:2      | Reached skill level 1 in Armour
   879 | D:2      | Reached ** piety under Trog
  1277 | D:2      | Reached XP level 4. HP: 49/49 MP: 4/4
  1641 | D:3      | Reached XP level 5. HP: 42/55 MP: 5/5
  1749 | D:3      | Found Cawnedul's Antique Armour Boutique.
  1948 | D:4      | Reached *** piety under Trog
  1992 | D:4      | Found a staircase to the Ecumenical Temple.
  2004 | Temple   | Entered the Ecumenical Temple
  2233 | D:4      | Reached XP level 6. HP: 42/65 MP: 6/6
  2241 | D:4      | Reached skill level 5 in Fighting
  2848 | D:5      | Entered Level 5 of the Dungeon
  2984 | D:5      | HP: 2/66 [orc/+0 hand axe (3)]
  2986 | D:5      | Slain by an orc

Illustrated notes

Levels and vault maps discovered:
D:1:      wheals_arrival_linesprint, layout_basic
D:2:      layout_basic
D:3:      layout_rooms, serial_shops, shop
D:4:      cheibrodos_helix_gallery, layout_loops_ring, minmay_temple_entry_mist,
          serial_glass, glass_columns_a, glass_columns_b, due_unseen_surprise,
          minmay_quadrilaterals
D:5:      layout_layer_cave, eat_drink_and_be_merry_uskayaw, minmay_liquid_box,
          minmay_puff
Temple:   nicolae_temple_bog_church

Skill      XL: |  1  2  3  4  5  6 |
---------------+-------------------+-----
Evocations     | 1 2 |  2.7
Armour         | 1 2 |  2.8
Maces & Flails | 4 |  4.7
Fighting       | 5 |  5.2
Dodging        | |  2.6

Action                     |  1- 3 |  4- 6 || total
---------------------------+-------+-------++-------
  Melee: Mace              |    90 |   109 ||   199
         Headbutt          |     9 |    22 ||    31
         Punch             |     1 |     2 ||     3
 Invoke: Trog's Hand       |       |     1 ||     1
    Use: Scroll            |     1 |     5 ||     6
         Potion            |     1 |       ||     1
   Stab: Sleeping          |     1 |     1 ||     2
 Armour: Animal skin       |    64 |   102 ||   166
  Dodge: Dodged            |    61 |    77 ||   138
